 Dungeon Crawl Stone Soup version 0.29-a0-521-g59ce8b2d47 (webtiles) character file.

Game seed: 5628411883859075109

2333 Lekart the Ruffian (level 9, 0/72 HPs)
             Began as a Green Draconian Chaos Knight on May 31, 2022.
             Was a Plaything of Xom.
             Killed by an exploding sky beast (16 damage)
             ... ignited by their inner flame
             ... on level 5 of the Dungeon on June 1, 2022.
             The game lasted 00:21:21 (6512 turns).

Lekart the Ruffian (Green Draconian Chaos Knight)   Turns: 6512, Time: 00:21:22

Health: 0/72       AC: 10    Str: 15    XL:     9   Next: 19%
Magic:  17/17      EV: 13    Int: 13    God:    Xom [.*....]
Gold:   311        SH:  3    Dex: 16    Spells: 9/19 levels left

rFire   . . .      SeeInvis +     - Unarmed
rCold   . . .      Faith    .   n - +0 buckler {AC+3}
rNeg    . . .      Spirit   .   (body armour unavailable)
rPois   +          Reflect  .   (helmet restricted)
rElec   .          Harm     .   (no cloak)
rCorr   .          Rampage  .   (no gloves)
Will    .....                   (no boots)
Stlth   ++........              j - amulet of magic regeneration
HPRegen 0.22/turn               (no ring)
MPRegen 0.55/turn               e - ring of wizardry

@: short of breath, weak-willed
A: breathe noxious fumes, AC +7, unfitting armour, poison resistance,
cold-blooded, thin skeletal structure 1, see invisible, screaming 1
a: Breathe Noxious Fumes, Renounce Religion


You were on level 5 of the Dungeon.
You worshipped Xom.
You were a plaything of Xom.
You visited 1 branch of the dungeon, and saw 6 of its levels.

You collected 399 gold pieces.
You spent 88 gold pieces at shops.

Inventory:

Armour
 n - a +0 buckler of protection (worn)
Jewellery
 d - a +6 ring of strength
 e - a ring of wizardry (right hand)
 j - an amulet of magic regeneration (around neck)
 p - an amulet of regeneration
 v - a +6 ring of dexterity
Scrolls
 h - 3 scrolls of fog
 q - a scroll of magic mapping
Potions
 b - a potion of heal wounds
 c - a potion of ambrosia
 f - a potion of flight
 g - a potion of magic
 i - 2 potions of might
 k - 2 potions of berserk rage
 l - 2 potions of lignification {unknown}
 m - 2 potions of mutation
 u - a potion of resistance {unknown}
Miscellaneous
 a - a piece from Xom's chessboard (15/15) (quivered)


   Skills:
 + Level 4.7 Fighting
 + Level 4.4 Dodging
 + Level 7.3 Unarmed Combat
 + Level 5.6 Spellcasting
 + Level 1.5 Hexes
 + Level 5.5 Summonings
 + Level 0.5 Air Magic
 + Level 0.2 Evocations


You had 9 spell levels left.
You knew the following spells:

 Your Spells              Type           Power      Damage    Failure   Level
a - Call Canine Familiar  Summ           18%        N/A       3%          3
b - Summon Guardian Gole  Hex/Summ       12%        N/A       7%          3
c - Summon Lightning Spi  Summ/Air       11%        N/A       26%         4

Your spell library contained the following spells:

 Spells                   Type           Power      Damage    Failure   Level
 Summon Small Mammal      Summ           72%        N/A       1%          1
 Slow                     Hex            28%        N/A       5%          1
 Ensorcelled Hibernation  Hex/Ice        10%        N/A       11%         2
 Passwall                 Tmut/Erth      2%         N/A       14%         2
 Confusing Touch          Hex            7%         N/A       16%         3
 Tukima's Dance           Hex            7%         N/A       16%         3
 Portal Projectile        Hex/Tloc       10%        N/A       21%         3
 Swiftness                Air            5%         N/A       22%         3
 Gell's Gravitas          Tloc           3%         N/A       26%         3
 Teleport Other           Tloc           3%         N/A       26%         3
 Vampiric Draining        Necr           3%         2d6       26%         3
 Blade Hands              Tmut           1%         N/A       92%         5
 Dispersal                Tloc           1%         N/A       100%        6
 Storm Form               Tmut/Air       2%         N/A       100%        7
 Maxwell's Capacitive Co  Air            2%         ∞         100%        8


Dungeon Overview and Level Annotations

Branches:
Dungeon (6/15)
 Temple: D:4-7

Altars:
Ashenzari
Dithmenos
Gozag
Nemelex Xobeh
Xom

Shops:
D:3 =   D:4 !


Innate Abilities, Weirdness & Mutations

You can breathe blasts of noxious fumes.
Your lurid green scales are hard. (AC +7)
You cannot fit into any form of body armour.
Your system is resistant to poisons. (rPois)
You are cold-blooded and may be slowed by cold attacks.
You have a somewhat thin skeletal structure. (Dex +2, Stealth+)
You have supernaturally acute eyesight. (SInv)
You occasionally shout uncontrollably at your foes.


Message History

The orc priest is engulfed in blazing flames.
The orc priest explodes!
The fiery explosion engulfs the orc priest!!
The orc priest explodes!
The fiery explosion engulfs the nameless horror!!
You destroy the nameless horror!
That felt strangely unrewarding.
You hear a shout!
The sky beast attacks as you move away! The sky beast misses you.
You closely miss the sky beast. The sky beast closely misses you.
Unknown command.
You have got your breath back.
The sky beast attacks as you move away! The sky beast hits you.
The sky beast shocks you.
Found a stone staircase leading up.
The sky beast attacks as you move away!
The sky beast hits you but does no damage.
There is a stone staircase leading up here.
The sky beast hits you.
* * * LOW HITPOINT WARNING * * *
The sky beast shocks you.
* * * LOW HITPOINT WARNING * * *
You climb upwards.
There is a stone staircase leading down here.
Aiming: Breathe Noxious Fumes (4% risk of failure)
Press: ? - help, Shift-Dir - straight line, f - sky beast
Aim: a sky beast (inner flame, slightly transparent, 45% to hit)
You exhale a blast of noxious fumes.
The blast of choking fumes hits the sky beast.
Flame seeps out of the sky beast.
The sky beast is lightly wounded.
The sky beast is engulfed in blazing flames.
Flame seeps out of the sky beast.
The sky beast barely misses you.
The sky beast is engulfed in blazing flames.
Flame seeps out of the sky beast.
The sky beast closely misses you.
Your magical contamination has completely faded away.
The sky beast is engulfed in blazing flames.
The sky beast explodes!
The fiery explosion engulfs you!
You die...
Xom chortles!

#≈≈...≈≈#..##......######## #.
#§..≈..≈##.....######.....######.
'.§≈≈≈..'..###.######.....##....#
#≈..≈..≈#..# #............##.#.##
#≈≈..§≈≈#..###..##.##.....##....#
#≈§§.≈≈≈##....<.##.##.....####.#.
####'####..........##.########.##
##...# ###.....###.#.##.....#.#
.#...# ####..@§>#..##.###.#.#
.....# #.##°###....# #.#.# .....#
####.###§#.###.###.#.# ..####
##.....###.## #.......# .##
#####..........# #########
.#####.....≈≈.≈≈....#
.......##...≈.≈....##
.......##.≈.....≈..#
....##.##.≈≈...≈≈..#


There were no monsters in sight!

Vanquished Creatures
  Sigmund (D:2)
  A nameless horror (D:6)
  A sky beast (D:5)
  A phantom (D:4)
  A necrophage (D:4)
  A bullfrog (D:4)
  3 scorpions
  A hound (D:4)
  4 orc priests
  4 orc wizards (D:6)
  Natasha (twice) (D:2)
  2 human skeletons (D:4)
  A gnoll (D:4)
  7 adders
  A shadow imp (D:5)
  An ufetubus (D:6)
  A worm (D:2)
  14 orcs
  5 ball pythons
  5 endoplasms
  3 giant cockroaches
  3 hobgoblins (D:2)
  12 jackals
  4 quokkas
  5 bats
  7 frilled lizards
  7 goblins
  4 kobolds
  An orc skeleton (D:4)
  An orc zombie (D:4)
  6 rats
110 creatures vanquished.

Vanquished Creatures (collateral kills)
  A phantom (D:6)
  A necrophage (D:5)
  2 scorpions
  An elf skeleton (D:4)
  2 orc priests
  Natasha (D:2)
  3 orc wizards
  A gnoll (D:4)
  A worm (D:4)
  2 dart slugs
  7 orcs
  2 endoplasms (D:4)
  A hobgoblin (D:4)
  2 jackals
  3 kobolds
  2 quokkas
  A bat (D:3)
  3 goblins (D:4)
  An orc skeleton (D:4)
37 creatures vanquished.

Vanquished Creatures (others)
  Pikel (D:4)
  An ogre (D:5)
  A phantom (D:5)
  A gnoll shaman (D:4)
  2 hounds (D:5)
  2 gnolls (D:4)
  A worm (D:4)
  A kobold (D:4)
10 creatures vanquished.

Grand Total: 157 creatures vanquished

Notes
Turn   | Place    | Note
-------+----------+-------------------------------------------
     0 | D:1      | Lekart the Draconian Chaos Knight began the quest for the
                  | Orb.
     0 | D:1      | Reached XP level 1. HP: 19/19 MP: 1/1
   430 | D:1      | Found a faded altar of an unknown god.
   480 | D:1      | XOM: silly message
   646 | D:1      | XOM: silly message
   830 | D:2      | Reached XP level 2. HP: 26/26 MP: 2/2
   933 | D:2      | XOM: 1-stop teleportation journey
  1076 | D:2      | XOM: silly message
  1143 | D:2      | XOM: repel stairs
  1154 | D:2      | XOM: swap monsters
  1335 | D:2      | XOM: 1-stop teleportation journey
  1367 | D:2      | XOM: god gift: book of Burglary
  1371 | D:2      | Learned a level 1 spell: Summon Small Mammal
  1427 | D:2      | Reached XP level 3. HP: 20/33 MP: 3/3
  1485 | D:2      | XOM: cloud trail
  1547 | D:2      | Noticed Natasha
  1553 | D:2      | XOM: confuse monster(s)
  1560 | D:2      | XOM: noise
  1567 | D:2      | XOM: summons friendly crimson imp
  1575 | D:2      | Killed Natasha
  1576 | D:2      | Reached skill level 4 in Unarmed Combat
  1840 | D:2      | XOM: cloud trail
  1850 | D:2      | Noticed Natasha
  1867 | D:2      | Killed Natasha
  1868 | D:2      | Reached XP level 4. HP: 14/40 MP: 4/4
  1986 | D:2      | Noticed Natasha
  1999 | D:2      | XOM: enchant monster (bad)
  2000 | D:2      | XOM: fog
  2003 | D:2      | Killed Natasha
  2379 | D:2      | Noticed Sigmund
  2515 | D:2      | XOM: enchant monster (good)
  2516 | D:2      | XOM: enchant monster (good)
  2520 | D:2      | XOM: chaos upgrade
  2529 | D:2      | Killed Sigmund
  2530 | D:2      | Reached skill level 1 in Spellcasting
  2530 | D:2      | Reached skill level 1 in Summonings
  2530 | D:2      | Reached XP level 5. HP: 46/46 MP: 4/7
  2530 | D:2      | Reached XP level 6. HP: 52/52 MP: 4/8
  2786 | D:2      | Learned a level 3 spell: Call Canine Familiar
  2822 | D:3      | Reached skill level 5 in Unarmed Combat
  3005 | D:3      | XOM: confusion
  3310 | D:3      | Found Debacog's Jewellery Emporium.
  3420 | D:3      | XOM: give mutations
  3420 | D:3      | Gained mutation: You are dopey. (Int -2) [Xom's mischief]
  3420 | D:3      | Gained mutation: You occasionally shout uncontrollably at
                  | your foes. [Xom's mischief]
  3429 | D:3      | Found a shadowy altar of Dithmenos.
  3431 | D:3      | Found a sparkling altar of Nemelex Xobeh.
  3447 | D:3      | Learned a level 3 spell: Summon Guardian Golem
  3448 | D:3      | Found an opulent altar of Gozag.
  3584 | D:3      | XOM: scenery: summon butterflies
  3717 | D:3      | XOM: 4-stop teleportation journey
  3775 | D:4      | XOM: divination: detect creatures
  3778 | D:4      | XOM: cleaving
  3782 | D:4      | XOM: enchant monster (good)
  3899 | D:4      | XOM: enchant monster (bad)
  3923 | D:4      | XOM: chaos cloud
  3927 | D:4      | Your scales start taking on a lurid green colour.
  3927 | D:4      | Reached XP level 7. HP: 47/59 MP: 10/10
  3927 | D:4      | Gained mutation: Your system is resistant to poisons.
                  | (rPois) [Green Draconian growth]
  4307 | D:4      | Noticed Pikel
  4316 | D:4      | Killed Pikel
  4317 | D:4      | Reached skill level 6 in Unarmed Combat
  4317 | D:4      | Reached skill level 1 in Hexes
  4317 | D:4      | Reached XP level 8. HP: 62/67 MP: 11/14
  4448 | D:4      | XOM: give mutations
  4448 | D:4      | Gained mutation: You have a somewhat thin skeletal
                  | structure. (Dex +2, Stealth+) [Xom's grace]
  4448 | D:4      | Lost mutation: You are dopey. (Int -2) [Xom's grace]
  4448 | D:4      | Gained mutation: You have supernaturally acute eyesight.
                  | (SInv) [Xom's grace]
  4498 | D:4      | XOM: scenery: 1 doors close
  4754 | D:4      | Found Loemiets's Distillery.
  4767 | D:4      | Bought a potion of mutation for 88 gold pieces
  4892 | D:4      | XOM: noise
  4956 | D:4      | XOM: polymorph scorpion -> scorpion
  5060 | D:5      | Entered Level 5 of the Dungeon
  5078 | D:5      | Found a shimmering altar of Xom.
  5124 | D:5      | Upgraded the game from 0.29-a0-520-gc852659d43 to
                  | 0.29-a0-521-g59ce8b2d47
  5321 | D:5      | XOM: noise
  5339 | D:5      | XOM: confuse monster(s)
  5354 | D:5      | Reached skill level 5 in Spellcasting
  5426 | D:5      | XOM: polymorph hound -> gnoll
  5468 | D:5      | XOM: enchant monster (good)
  5485 | D:5      | XOM: snakes to sticks
  5486 | D:5      | XOM: divination: magic mapping
  5487 | D:5      | Reached skill level 7 in Unarmed Combat
  5556 | D:5      | Found a broken altar of Ashenzari.
  5569 | D:5      | Learned a level 4 spell: Summon Lightning Spire
  5862 | D:5      | Reached XP level 9. HP: 70/72 MP: 13/17
  6042 | D:6      | Reached skill level 5 in Summonings
  6215 | D:6      | XOM: noise
  6484 | D:6      | XOM: 5-stop teleportation journey
  6486 | D:6      | Noticed a nameless horror
  6492 | D:6      | XOM: silly message
  6512 | D:5      | Killed by an exploding sky beast... ignited by their inner
                  | flame

Illustrated notes

Levels and vault maps discovered:
D:1:      wheals_arrival_shading, layout_loops_corners,
          shapermc_ecumenical_altar_ellora
D:2:      layout_basic, chequers_jeans, minmay_unequal, uniq_natasha,
          uniq_sigmund
D:3:      layout_loops_ring, grunt_temple_overflow_open, serial_shops, shop,
          hangedman_decor_diamond_cutter
D:4:      layout_basic, serial_shops, nicolae_shop_crystal,
          nicolae_ossuary_entry_catacombs, nzn_random_ring, uniq_pikel
D:5:      layout_loops_cross, nicolae_ashenzari_skybound,
          mainiacjoe_overflow_small_starburst, dk_noncrumbling_2,
          kennysheep_generic_room_8
D:6:      minmay_razor_zed, layout_basic, lightli_temple_of_fire

Skill      XL: |  1  2  3  4  5  6  7  8  9 |
---------------+----------------------------+-----
Unarmed Combat | 4 5 6 7 |  7.3
Dodging        | 3 4 |  4.4
Fighting       | 4 |  4.7
Spellcasting   | 1 2 4 5 |  5.6
Summonings     | 1 2 3 4 5 |  5.5
Hexes          | 1 |  1.5
Air Magic      | |  0.5
Evocations     | |  0.2

Action                   |  1- 3 |  4- 6 |  7- 9 || total
-------------------------+-------+-------+-------++-------
Melee: Unarmed           |   129 |   175 |   180 ||   484
       Tailslap          |    19 |    27 |    29 ||    75
       Punch             |     3 |     7 |     6 ||    16
 Cast: Summon Small Mamm |     8 |    10 |       ||    18
       Call Canine Famil |       |    21 |    35 ||    56
       Summon Guardian G |       |     5 |    20 ||    25
       Summon Lightning  |       |       |     9 ||     9
 Abil: Breathe Noxious F |       |       |     3 ||     3
Evoke: Piece from Xom's  |       |     2 |       ||     2
  Use: Potion            |     3 |     2 |       ||     5
       Scroll            |       |     8 |     7 ||    15
 Stab: Sleeping          |     1 |       |       ||     1
       Petrified         |       |    11 |       ||    11
       Distracted        |       |     1 |     2 ||     3
Armor: Skin              |    39 |    62 |    57 ||   158
Dodge: Dodged            |    67 |   136 |   128 ||   331
Block: Buckler           |       |       |    13 ||    13

Table legend: (Time is in decaauts)
 A = Elapsed time spent in this place.
 B = Non-inter-level travel time spent in this place.
 C = Inter-level travel time spent in this place.
 D = Time resting spent in this place.
 E = Time spent auto-exploring this place.
 F = Levels seen in this place.
 G = Mean time per level.
                   A        B        C        D        E       F      G
               +--------+--------+--------+--------+--------+-----+--------+
         Total |   6437 |   6287 |    150 |    174 |   4527 |   6 | 1072.8 |
       Dungeon |   6437 |   6287 |    150 |    174 |   4527 |   6 | 1072.8 |
               +--------+--------+--------+--------+--------+-----+--------+

Top non-repeatable levels by time:
     D:2: 1870 daAuts
     D:4: 1290 daAuts
     D:5: 956 daAuts
     D:1: 925 daAuts
     D:3: 908 daAuts
     D:6: 487 daAuts
